[ AOE2 MATCH · #495319652 ]
UnrankedChinese vs Tupi
Player's team · WIN
Rival team · LOSS
[ REPLAY ANALYSIS · EXTRACTED FROM THE RECORDED GAME ]
Feudal
8:22
Castle
19:34
Imperial
34:58
| APM avg | 58.7 |
| APM peak | 112 |
| eAPM avg | 26.7 |
| Villagers / military | 156 / 111 |
Focus
⚔️ 38.5% · 🌾 61.5%
Archer ×69 · Skirmisher ×30 · Trebuchet (Packed) ×6 · Iron Pagoda ×4 · Monk ×2
Feudal
8:26
Castle
19:01
Imperial
37:06
| APM avg | 94.6 |
| APM peak | 150 |
| eAPM avg | 51.6 |
| Villagers / military | 130 / 30 |
Focus
⚔️ 76.4% · 🌾 23.6%
Unknown (2550) ×64 · Archer ×24 · Unknown (2579) ×20 · Mangonel ×6
Match map
Initial resources + every placement click. Lines = walls · curves = elevation contours. ◆ gold · ⬟ stone · ● berries · ✦ relic · ◌ wall gap
Your base· ✓ Closed at 19:34 · 14t walls · 2 gate(s)
wappla's base· ✓ Closed at 19:01 · 25t walls · no gate
Smoothed initial terrain · ◌ = detected wall gap · hover for details
Inputs per minute
— c.salette - - wappla
Build order — c.salette
First 150 of 435 actions detected
| 0:00 | Research | Loom |
| 0:39 | Queue | Villager (Male) |
| 0:39 | Queue | Villager (Male) |
| 1:07 | Queue | Villager (Male) |
| 1:07 | Queue | Villager (Male) |
| 1:30 | Queue | Villager (Male) |
| 1:54 | Queue | Villager (Male) |
| 1:55 | Queue | Villager (Male) |
| 2:21 | Queue | Villager (Male) |
| 2:21 | Queue | Villager (Male) |
| 2:40 | Queue | Villager (Male) |
| 2:46 | Build | House |
| 2:49 | Build | Mill |
| 2:58 | Queue | Villager (Male) |
| 2:58 | Queue | Villager (Male) |
| 3:22 | Queue | Villager (Male) |
| 3:31 | Queue | Villager (Male) |
| 4:03 | Queue | Villager (Male) |
| 4:54 | Queue | Villager (Male) |
| 4:54 | Queue | Villager (Male) |
| 5:23 | Build | Lumber Camp |
| 5:31 | Queue | Villager (Male) |
| 6:09 | Queue | Villager (Male) |
| 6:09 | Research | Feudal Age |
| 6:12 | Research | Feudal Age |
| 6:36 | Queue | Villager (Male) |
| 7:20 | Build | Lumber Camp |
| 7:47 | Build | House |
| 8:17 | Build | House |
| 8:22 | Age | Feudal Age |
| 8:26 | Queue | Villager (Male) |
| 8:38 | Build | Barracks |
| 8:43 | Build | House |
| 8:54 | Queue | Villager (Male) |
| 8:55 | Research | Double-Bit Axe |
| 9:14 | Queue | Villager (Male) |
| 9:30 | Build | Archery Range |
| 9:56 | Build | Mining Camp |
| 9:59 | Queue | Villager (Male) |
| 10:04 | Build | Palisade Wall |
| 10:09 | Build | Palisade Wall |
| 10:10 | Build | Palisade Wall |
| 10:12 | Queue | Archer |
| 10:15 | Queue | Villager (Male) |
| 10:28 | Research | Horse Collar |
| 10:30 | Queue | Villager (Male) |
| 10:36 | Build | Palisade Wall |
| 10:43 | Build | Palisade Wall |
| 10:53 | Build | Palisade Gate |
| 11:02 | Queue | Archer |
| 11:02 | Queue | Archer |
| 11:12 | Build | Mill |
| 11:15 | Queue | Archer |
| 11:31 | Queue | Archer |
| 11:38 | Build | Farm |
| 11:40 | Build | Farm |
| 11:42 | Build | Farm |
| 11:48 | Queue | Archer |
| 11:51 | Build | Farm |
| 12:02 | Queue | Villager (Male) |
| 12:12 | Build | Blacksmith |
| 12:13 | Build | House |
| 12:21 | Queue | Archer |
| 12:28 | Queue | Villager (Male) |
| 12:29 | Build | Farm |
| 12:56 | Queue | Villager (Male) |
| 13:03 | Queue | Villager (Male) |
| 13:05 | Build | Farm |
| 13:13 | Build | House |
| 13:24 | Build | House |
| 13:25 | Build | House |
| 13:30 | Queue | Villager (Male) |
| 13:32 | Build | Farm |
| 13:34 | Queue | Archer |
| 13:46 | Build | House |
| 13:51 | Build | House |
| 13:55 | Build | Palisade Wall |
| 14:00 | Queue | Archer |
| 14:10 | Queue | Villager (Male) |
| 14:19 | Build | House |
| 14:23 | Queue | Villager (Male) |
| 14:25 | Build | Farm |
| 14:27 | Build | Farm |
| 14:44 | Queue | Archer |
| 14:46 | Queue | Villager (Male) |
| 14:59 | Build | Farm |
| 15:14 | Queue | Villager (Male) |
| 15:38 | Queue | Villager (Male) |
| 15:40 | Queue | Villager (Male) |
| 15:43 | Build | Farm |
| 15:45 | Build | Farm |
| 16:00 | Queue | Archer |
| 16:01 | Queue | Villager (Male) |
| 16:04 | Build | Farm |
| 16:54 | Research | Castle Age |
| 16:57 | Queue | Archer |
| 17:01 | Build | Archery Range |
| 17:21 | Research | Fletching |
| 17:29 | Queue | Archer |
| 17:44 | Research | Gold Mining |
| 17:55 | Queue | Archer |
| 17:59 | Queue | Archer |
| 18:08 | Research | Town Watch |
| 18:09 | Queue | Archer |
| 18:09 | Queue | Archer |
| 18:17 | Build | House |
| 18:20 | Build | Palisade Gate |
| 18:46 | Queue | Archer |
| 18:46 | Queue | Archer |
| 19:09 | Build | House |
| 19:10 | Build | House |
| 19:12 | Build | House |
| 19:13 | Build | House |
| 19:34 | Age | Castle Age |
| 19:36 | Research | Crossbowman (upgrade) |
| 19:36 | Research | Crossbowman (upgrade) |
| 19:36 | Research | Bodkin Arrow |
| 19:45 | Build | University |
| 20:00 | Queue | Villager (Male) |
| 20:01 | Research | Elite Skirmisher (upgrade) |
| 20:10 | Research | Padded Archer Armor |
| 20:15 | Build | House |
| 20:23 | Queue | Skirmisher |
| 20:23 | Queue | Skirmisher |
| 20:44 | Queue | Skirmisher |
| 20:44 | Queue | Skirmisher |
| 20:55 | Research | Wheelbarrow |
| 20:57 | Queue | Villager (Male) |
| 20:57 | Queue | Villager (Male) |
| 21:14 | Research | Leather Archer Armor |
| 21:15 | Research | Leather Archer Armor |
| 21:15 | Queue | Skirmisher |
| 21:16 | Queue | Skirmisher |
| 21:27 | Queue | Villager (Male) |
| 21:36 | Queue | Skirmisher |
| 21:36 | Queue | Skirmisher |
| 21:42 | Build | House |
| 21:56 | Queue | Skirmisher |
| 22:12 | Queue | Villager (Male) |
| 22:22 | Queue | Skirmisher |
| 22:23 | Queue | Skirmisher |
| 22:32 | Queue | Villager (Male) |
| 22:37 | Build | Lumber Camp |
| 22:59 | Queue | Villager (Male) |
| 22:59 | Queue | Villager (Male) |
| 23:01 | Queue | Skirmisher |
| 23:02 | Queue | Skirmisher |
| 23:32 | Research | Ballistics |
| 23:32 | Research | Ballistics |
| 23:47 | Queue | Skirmisher |
Build order — wappla
First 150 of 390 actions detected
| 0:00 | Queue | Villager (Male) |
| 0:00 | Queue | Villager (Male) |
| 0:00 | Queue | Villager (Male) |
| 0:01 | Build | House |
| 0:02 | Build | House |
| 0:13 | Queue | Villager (Male) |
| 0:13 | Queue | Villager (Male) |
| 1:04 | Queue | Villager (Male) |
| 1:04 | Queue | Villager (Male) |
| 1:27 | Queue | Villager (Male) |
| 1:27 | Queue | Villager (Male) |
| 1:56 | Build | Settlement |
| 1:58 | Queue | Villager (Male) |
| 2:18 | Queue | Villager (Male) |
| 2:48 | Queue | Villager (Male) |
| 3:17 | Queue | Villager (Male) |
| 3:37 | Queue | Villager (Male) |
| 4:15 | Queue | Villager (Male) |
| 4:33 | Queue | Villager (Male) |
| 4:48 | Queue | Villager (Male) |
| 5:46 | Queue | Villager (Male) |
| 6:10 | Build | Barracks |
| 6:16 | Research | Feudal Age |
| 6:23 | Build | Palisade Wall |
| 6:24 | Build | Palisade Wall |
| 6:24 | Build | Palisade Wall |
| 6:59 | Build | House |
| 7:14 | Queue | Unit 2550 |
| 7:15 | Queue | Unit 2550 |
| 7:52 | Build | Settlement |
| 7:56 | Queue | Villager (Male) |
| 8:26 | Age | Feudal Age |
| 8:28 | Research | Loom |
| 8:33 | Research | Double-Bit Axe |
| 8:57 | Build | Farm |
| 8:59 | Queue | Villager (Male) |
| 9:11 | Build | Farm |
| 9:30 | Research | Arson |
| 9:33 | Research | Tech 1402 |
| 9:34 | Queue | Villager (Male) |
| 9:39 | Build | House |
| 9:57 | Build | Archery Range |
| 9:59 | Queue | Villager (Male) |
| 10:13 | Queue | Villager (Male) |
| 10:15 | Queue | Unit 2550 |
| 10:19 | Build | Farm |
| 10:28 | Build | Farm |
| 10:45 | Queue | Villager (Male) |
| 10:47 | Build | Farm |
| 10:51 | Queue | Archer |
| 10:54 | Build | Palisade Wall |
| 11:06 | Queue | Villager (Male) |
| 11:22 | Build | Farm |
| 11:28 | Queue | Archer |
| 11:45 | Queue | Villager (Male) |
| 11:50 | Queue | Villager (Male) |
| 11:51 | Queue | Archer |
| 12:00 | Build | Farm |
| 12:06 | Queue | Villager (Male) |
| 12:09 | Build | Palisade Wall |
| 12:16 | Build | Farm |
| 12:18 | Queue | Villager (Male) |
| 12:22 | Build | House |
| 12:25 | Queue | Archer |
| 12:48 | Build | Farm |
| 12:51 | Queue | Archer |
| 13:05 | Build | House |
| 13:06 | Queue | Villager (Male) |
| 13:11 | Build | Farm |
| 13:21 | Queue | Villager (Male) |
| 13:21 | Queue | Archer |
| 13:35 | Queue | Villager (Male) |
| 13:48 | Queue | Archer |
| 14:30 | Build | Blacksmith |
| 14:30 | Queue | Villager (Male) |
| 14:31 | Queue | Archer |
| 14:53 | Build | Farm |
| 14:55 | Queue | Villager (Male) |
| 15:11 | Queue | Archer |
| 15:18 | Build | House |
| 15:25 | Queue | Villager (Male) |
| 15:26 | Queue | Archer |
| 15:30 | Build | Farm |
| 15:53 | Build | House |
| 15:55 | Queue | Villager (Male) |
| 15:55 | Queue | Archer |
| 16:19 | Research | Castle Age |
| 16:19 | Research | Castle Age |
| 16:22 | Build | House |
| 16:28 | Queue | Archer |
| 16:45 | Research | Fletching |
| 16:53 | Build | House |
| 16:55 | Queue | Archer |
| 17:29 | Build | Palisade Wall |
| 17:47 | Queue | Archer |
| 17:58 | Queue | Archer |
| 18:06 | Build | Palisade Wall |
| 18:14 | Queue | Unit 2550 |
| 18:14 | Queue | Unit 2550 |
| 18:24 | Queue | Archer |
| 18:37 | Research | Horse Collar |
| 18:49 | Queue | Villager (Male) |
| 19:01 | Age | Castle Age |
| 19:04 | Research | Crossbowman (upgrade) |
| 19:05 | Research | Bodkin Arrow |
| 19:14 | Queue | Villager (Male) |
| 19:21 | Build | Town Center |
| 19:26 | Build | House |
| 19:29 | Queue | Unit 2550 |
| 19:30 | Queue | Villager (Male) |
| 19:53 | Queue | Villager (Male) |
| 19:56 | Queue | Archer |
| 20:03 | Queue | Villager (Male) |
| 20:14 | Build | University |
| 20:23 | Queue | Villager (Male) |
| 20:24 | Queue | Archer |
| 20:37 | Queue | Villager (Male) |
| 20:38 | Queue | Archer |
| 20:44 | Queue | Villager (Male) |
| 20:48 | Queue | Archer |
| 20:58 | Research | Bow Saw |
| 21:11 | Build | Farm |
| 21:13 | Queue | Villager (Male) |
| 21:14 | Queue | Archer |
| 21:21 | Build | Farm |
| 21:27 | Queue | Villager (Male) |
| 21:28 | Queue | Archer |
| 21:46 | Queue | Villager (Male) |
| 21:58 | Queue | Archer |
| 22:01 | Queue | Villager (Male) |
| 22:04 | Research | Ballistics |
| 22:07 | Queue | Villager (Male) |
| 22:10 | Build | Siege Workshop |
| 22:21 | Research | Scale Mail Armor |
| 22:33 | Queue | Villager (Male) |
| 22:39 | Queue | Mangonel |
| 22:40 | Build | Farm |
| 22:46 | Queue | Villager (Male) |
| 22:58 | Queue | Villager (Male) |
| 23:27 | Queue | Villager (Male) |
| 23:29 | Queue | Villager (Male) |
| 23:46 | Queue | Mangonel |
| 23:49 | Build | House |
| 23:57 | Queue | Villager (Male) |
| 23:57 | Queue | Villager (Male) |
| 24:10 | Queue | Villager (Male) |
| 24:23 | Queue | Villager (Male) |
| 24:26 | Queue | Mangonel |
| 24:32 | Queue | Villager (Male) |
| 24:37 | Research | Ballistics |
Match timeline
| 6:10 | wappla · first_building Barracks |
| 6:23 | wappla · wall_segment Palisade Wall x1 |
| 6:24 | wappla · wall_segment Palisade Wall x1 |
| 6:24 | wappla · wall_segment Palisade Wall x1 |
| 8:22 | c.salette · age_up feudal |
| 8:26 | wappla · age_up feudal |
| 8:38 | c.salette · first_building Barracks |
| 9:30 | c.salette · first_building Archery Range |
| 9:57 | wappla · first_building Archery Range |
| 10:04 | c.salette · wall_segment Palisade Wall x1 |
| 10:09 | c.salette · wall_segment Palisade Wall x1 |
| 10:10 | c.salette · wall_segment Palisade Wall x1 |
| 10:36 | c.salette · wall_segment Palisade Wall x1 |
| 10:43 | c.salette · wall_segment Palisade Wall x1 |
| 10:54 | wappla · wall_segment Palisade Wall x6 |
| 12:09 | wappla · wall_segment Palisade Wall x4 |
| 13:55 | c.salette · wall_segment Palisade Wall x9 |
| 17:29 | wappla · wall_segment Palisade Wall x9 |
| 18:06 | wappla · wall_segment Palisade Wall x3 |
| 19:01 | wappla · age_up castle |
| 19:34 | c.salette · age_up castle |
| 22:10 | wappla · first_building Siege Workshop |
| 26:13 | c.salette · first_building Siege Workshop |
| 28:43 | wappla · first_building Castle |
| 31:28 | c.salette · first_market_buy 100 food |
| 31:41 | wappla · first_market_sell 100 stone |
| 32:31 | c.salette · first_building Monastery |
| 33:51 | wappla · first_market_buy 100 food |
| 34:58 | c.salette · age_up imperial |
| 36:51 | c.salette · first_market_sell 500 wood |
| 36:54 | c.salette · first_building Castle |
| 37:06 | wappla · age_up imperial |
| 42:57 | wappla · resign |
[ AI ANALYSIS · 1 CREDIT ]
What really happened in this match?
Wolo.gg analyzes every decision: build order, eco, micro, common mistakes by bracket. Personalized analysis on WhatsApp or Discord in 30 seconds.
Civ guide
Chinese
Perfil
Jugador #1920807